 Dungeon Crawl Stone Soup version 0.27-a0-1532-gca18f49f40 (webtiles) character file.

Game seed: 13947154394306738415

28 flotson the Sneak (level 3, -5/31 HPs)
             Began as a Palentonga Delver on July 13, 2021.
             Slain by an iguana (11 damage)
             ... on level 4 of the Dungeon.
             The game lasted 00:01:55 (538 turns).

flotson the Sneak (Palentonga Delver)                Turns: 538, Time: 00:01:55

Health: -5/31      AC:  4    Str: 16    XL:     3   Next: 0%
Magic:  3/3        EV:  9    Int: 10    God:
Gold:   40         SH:  0    Dex: 11    Spells: 2/2 levels left

rFire    . . .     SeeInvis +   a - +0 hand axe
rCold    . . .     Faith    .   (no shield)
rNeg     . . .     Spirit   .   b - +0 leather armour
rPois    .         Reflect  .   (no helmet)
rElec    .         Harm     .   (no cloak)
rCorr    .         Rampage  .   (no gloves)
Will     .....                  (no barding)
Stlth    ++........             (no amulet)
HPRegen  0.10/turn              (no ring)
MPRegen  0.08/turn              (no ring)

@: no status effects
A: large, rugged brown scales 3, see invisible, deformed body, roll 1, armoured
tail
a: Rolling Charge


You were on level 4 of the Dungeon.
You visited 1 branch of the dungeon, and saw 2 of its levels.

You collected 40 gold pieces.

Inventory:

Hand Weapons
 a - a +0 hand axe (weapon)
Armour
 b - a +0 leather armour (worn)
Jewellery
 d - a ring of flight
Wands
 g - a wand of digging (3)
Scrolls
 c - a scroll of noise {unknown}
 f - a scroll of blinking {unknown}


   Skills:
 + Level 3.2 Fighting
 + Level 2.3 Axes
 + Level 0.6 Armour
 + Level 1.8 Dodging
 + Level 3.5 Stealth
 + Level 0.7 Evocations


You had 2 spell levels left.
You didn't know any spells.
Your spell library contained the following spells:

 Spells                   Type           Power      Damage    Failure   Level
 Foxfire                  Conj/Fire      0%         2x1d4     43%         1
 Conjure Flame            Conj/Fire      0%         6-21      80%         3
 Inner Flame              Hex/Fire       0%         N/A       80%         3


Dungeon Overview and Level Annotations

Branches:
Dungeon (5/15)
 Temple: D:4-7

Altars:
Zin

Annotations:
D:5 Menkaure


Innate Abilities, Weirdness & Mutations

You are completely covered in rugged brown scales. (AC +3, +7% HP)
You have supernaturally acute eyesight. (SInv)
Armour fits poorly on your strangely shaped body.
You can roll at nearby foes to attack.
You have a long armoured tail.


Message History

The iguana is moderately wounded.
The iguana bites you. The iguana barely misses you.
You barely miss the iguana. You tail-slap the iguana.
The iguana is moderately wounded.
The iguana closely misses you.
You hit the iguana.
The iguana is heavily wounded.
The iguana closely misses you.
You hit the iguana but do no damage.
The iguana is heavily wounded.
The iguana closely misses you.
You hit the iguana but do no damage.
The iguana is heavily wounded.
The iguana barely misses you. The iguana closely misses you.
You hit the quokka skeleton.
The quokka skeleton is heavily damaged.
The quokka skeleton bites you but does no damage.
You hit the quokka skeleton.
You destroy the quokka skeleton!
You have reached level 3!
Your experience leads to an increase in your attributes!
Increase (S)trength, (I)ntelligence, or (D)exterity?
You feel stronger.
You hit the iguana.
The iguana is heavily wounded.
The iguana bites you!
The iguana bites you but does no damage.
You hit the iguana.
The iguana is severely wounded.
The iguana bites you.
* * * LOW HITPOINT WARNING * * *
You hit the iguana but do no damage.
The iguana is severely wounded.
The iguana bites you.
* * * LOW HITPOINT WARNING * * *
You closely miss the iguana.
Your tail-slap misses the iguana.
The iguana is severely wounded.
The iguana bites you!
You die...

+##.......## ##.....## ##....##
##....##### ##...#...# #...#...#
+...##..# #...##..##
##..l@....### .## ##...........#
..## #...#..##....# ...##
##.........#.########
....##+###......##...####....#
.........##....####...##.....##
........###....##...####......#
............##.#...## #......♣##
.)......#..###.....####......♣.#


You could see an iguana.

Vanquished Creatures
  A hound skeleton (D:4)
  An adder (D:5)
  An orc (D:4)
  A ball python (D:4)
  2 goblins (D:4)
  A quokka skeleton (D:4)
7 creatures vanquished.

Notes
Turn   | Place    | Note
-------+----------+-------------------------------------------
     0 | D:5      | flotson the Palentonga Delver began the quest for the Orb.
     0 | D:5      | Reached XP level 1. HP: 19/19 MP: 1/1
    10 | D:5      | Reached XP level 2. HP: 11/25 MP: 2/2
   308 | D:5      | Noticed Menkaure
   426 | D:4      | Noticed a scorpion
   456 | D:4      | Found a glowing silver altar of Zin.
   535 | D:4      | Reached XP level 3. HP: 19/31 MP: 3/3
   538 | D:4      | Slain by an iguana

Illustrated notes

Levels and vault maps discovered:
D:4:      layout_cave_pools, zin_academy, st_stairs_8, dk_noncrumbling_4
D:5:      layout_rooms, mainiacjoe_overflow_24_doors, uniq_menkaure, uniq_pikel,
          uniq_blork_the_orc

Action                   || total
-------------------------++-------
Melee: Hand axe          ||    29
       Tailslap          ||     3
 Abil: Rolling Charge    ||     3
  Use: Potion            ||     1
       Scroll            ||     3
Armor: Leather armour    ||    10
Dodge: Dodged            ||     9

Table legend: (Time is in decaauts)
 A = Elapsed time spent in this place.
 B = Non-inter-level travel time spent in this place.
 C = Inter-level travel time spent in this place.
 D = Time resting spent in this place.
 E = Time spent auto-exploring this place.
 F = Levels seen in this place.
 G = Mean time per level.
                   A        B        C        D        E       F      G
               +--------+--------+--------+--------+--------+-----+--------+
         Total |    526 |    526 |      0 |      0 |    401 |   2 |  263.0 |
       Dungeon |    526 |    526 |      0 |      0 |    401 |   2 |  263.0 |
               +--------+--------+--------+--------+--------+-----+--------+

Top non-repeatable levels by time:
     D:5: 307 daAuts
     D:4: 219 daAuts
